 Dungeon Crawl Stone Soup version 0.20.1-1-g8b1a95d (webtiles) character file.

5835 ANON1729 the Destroyer (level 10, 0/50 HPs)
             Began as a Tengu Fire Elementalist on July 31, 2017.
             Was a Follower of Vehumet.
             Slain by an unseen horror (5 damage)
             ... on level 10 of the Dungeon.
             The game lasted 00:33:42 (10548 turns).

ANON1729 the Destroyer (Tengu Fire Elementalist)   Turns: 10548, Time: 00:33:42

Health: 0/50       AC:  5    Str:  9    XL:     10   Next: 80%
Magic:  7/23       EV: 12    Int: 19    God:    Vehumet [*.....]
Gold:   637        SH:  5    Dex: 14    Spells: 12/25 levels left

rFire    . . .     SeeInvis .   y - +4 dagger (holy)
rCold    . . .     Gourm    .   o - +0 buckler
rNeg     . . .     Faith    .   a - +0 robe
rPois    .         Spirit   .   (helmet restricted)
rElec    .         Reflect  .   D - +0 cloak
rCorr    .         Harm     .   (no gloves)
MR       .....                  (boots unavailable)
Stlth    ++........             (no amulet)
Regen    0.2/turn               i - +2 ring of protection
MPRegen  0.2/turn               (no ring)

@: no status effects
A: beak, talons 3, able to fly 1
a: Fly, Renounce Religion


You were on level 10 of the Dungeon.
You worshipped Vehumet.
Vehumet was aware of your devotion.
You were very hungry.

You visited 2 branches of the dungeon, and saw 11 of its levels.
You also visited: Bailey.

You collected 637 gold pieces.

Inventory:

Hand Weapons
 l - a +0 blowgun
 y - a +4 dagger of holy wrath (weapon)
 I - a +4 quarterstaff of chaos
Missiles
 s - 5 curare-tipped needles
 u - 51 tomahawks of returning (quivered)
 w - 5 needles of confusion
 C - 14 poisoned needles
Armour
 a - a +0 robe (worn)
 o - a +0 buckler (worn)
 D - a +0 cloak (worn)
Magical Staves
 O - an uncursed staff of conjuration {unknown}
Jewellery
 i - a +2 ring of protection (left hand)
 K - a +2 ring of slaying {unknown}
 Q - an uncursed ring of protection from magic {unknown}
Wands
 x - a wand of digging (6/24)
 B - a wand of acid (5/15)
 E - a wand of acid (8/15)
 H - a wand of confusion (28/48)
 J - a wand of paralysis (8/24)
 L - a wand of random effects (11/48)
Scrolls
 c - a scroll of holy word {unknown}
 d - a scroll of fear {unknown}
 e - 5 scrolls of remove curse
 g - 2 scrolls of enchant armour {unknown}
 h - 3 scrolls of teleportation {unknown}
 k - 7 scrolls of identify {unknown}
 r - 6 scrolls of blinking {unknown}
 t - 2 scrolls of amnesia {unknown}
Potions
 j - 3 potions of haste
 m - 2 potions of lignification {unknown}
 n - 3 potions of heal wounds
 p - 2 potions of mutation {unknown}
 q - 5 potions of curing
 v - a potion of ambrosia {unknown}
 A - a potion of might {unknown}
 M - a potion of brilliance {unknown}
 P - 3 potions of flight {unknown}
Books
 b - a book of Flames

   Spells                             Type                      Level
   a - Flame Tongue                   Conjuration/Fire             1
   b - Throw Flame                    Conjuration/Fire             2
   c - Conjure Flame                  Conjuration/Fire             3
   d - Inner Flame                    Hexes/Fire                   3
   e - Sticky Flame                   Conjuration/Fire             4
   f - Fireball                       Conjuration/Fire             5
 F - Vuisoch's Handbook of the Ashen Volcanoes
   (You found it on level 6 of the Dungeon)

   Spells                             Type                      Level
   a - Sandblast                      Earth                        1
   b - Passwall                       Transmutation/Earth          2
   c - Conjure Flame                  Conjuration/Fire             3
   d - Leda's Liquefaction            Hexes/Earth                  4
   e - Fireball                       Conjuration/Fire             5
   f - Lee's Rapid Deconstruction     Earth                        5
 G - a book of Clouds

   Spells                             Type                      Level
   a - Poisonous Vapours              Poison/Air                   2
   b - Mephitic Cloud                 Conjuration/Poison/Air       3
   c - Conjure Flame                  Conjuration/Fire             3
   d - Freezing Cloud                 Conjuration/Ice/Air          6
   e - Ring of Flames                 Charms/Fire                  7
 R - a book of Callings

   Spells                             Type                      Level
   a - Summon Small Mammal            Summoning                    1
   b - Call Imp                       Summoning                    2
   c - Call Canine Familiar           Summoning                    3
   d - Summon Guardian Golem          Hexes/Summoning              3
   e - Summon Lightning Spire         Summoning/Air                4
   f - Summon Ice Beast               Ice/Summoning                4
Comestibles
 f - a meat ration
 z - 2 bread rations


   Skills:
 - Level 2.1 Dodging
 - Level 2.0 Stealth
 + Level 3.7 Shields
 + Level 8.2 Spellcasting
 + Level 11.6 Conjurations
 + Level 10.2 Fire Magic


You had 12 spell levels left.
You knew the following spells:

 Your Spells              Type           Power        Failure   Level  Hunger
a - Flame Tongue          Conj/Fire      #####        1%          1    None
b - Conjure Flame         Conj/Fire      #####...     1%          3    None
c - Sticky Flame          Conj/Fire      #####...     1%          4    ###....
d - Fireball              Conj/Fire      #####.....   2%          5    #####..


Dungeon Overview and Level Annotations

Branches:
Dungeon (10/15)            Temple (1/1) D:6
   Lair: D:8-11         Orc: D:9-12

Altars:
Ashenzari
Cheibriados
Dithmenos
Elyvilon
Fedhas
Gozag
Hepliaklqana
Kikubaaqudgha
Makhleb
Nemelex Xobeh
Okawaru
Qazlal
Ru
Sif Muna
Trog
Uskayaw
Vehumet
Xom
Yredelemnul
Zin
The Shining One


Innate Abilities, Weirdness & Mutations

You have a beak for a mouth.
You have claws for feet.
You can fly.


Message History

The magic dart hits you!
* * * LOW HITPOINT WARNING * * *
A crimson imp comes into view.
Casting: Flame Tongue
Confirm with . or Enter, or press ? or * to list all spells.
Aiming: Fireball
Press: ? - help, Shift-Dir - straight line, f/p - orc wizard
Aim: an orc wizard, wielding a dagger and wearing a robe (almost dead)
The fireball explodes!
The fireball engulfs the orc wizard.
You kill the orc wizard!
Vehumet accepts your kill.
The crimson imp shouts!
Something hits you!
* * * LOW HITPOINT WARNING * * *
The hornet zombie hits you.
* * * LOW HITPOINT WARNING * * *
Press: ? - help, v - describe, . - travel The floor, spattered with blood.
Something hits you.
You die...

#.
##...#########
.5)†....@....#
...)...Z....?#
...Z)........#
...####......#
.. #......# .
#......#
#......#
#......#


You could see a crimson imp, a bullfrog zombie and a hornet zombie.

Vanquished Creatures
  A two-headed ogre (D:8)
  An orc knight (Bailey)
  Maurice (D:8)
  Grinder (D:6)
  A hippogriff (D:6)
  Sigmund (D:6)
  Eustachio (D:6)
  3 hungry ghosts
  The ghost of SlightEye the Stinger, an amateur OpVM (D:3)
  2 ice beasts
  3 phantoms
  6 orc warriors
  2 ogres
  2 sky beasts
  2 centaurs
  3 big kobolds
  6 bullfrogs
  A water moccasin zombie (D:8)
  A wyvern skeleton (D:6)
  A howler monkey (D:9)
  2 crimson imps
  2 bullfrog zombies (D:6)
  A centaur zombie (D:7)
  Crazy Yiuf (D:5)
  4 hounds
  A jelly (D:5)
  5 orc priests
  2 iguanas
  3 orc wizards
  Ijyb (D:5)
  4 worker ants
  A hound zombie (D:5)
  5 gnolls
  8 adders
  3 adder skeletons
  An adder zombie (D:6)
  A worm (D:2)
  3 dart slugs
  3 leopard geckos
  16 orcs
  3 giant cockroaches
  12 goblins
  13 hobgoblins
  12 jackals
  38 kobolds
  A quokka (D:8)
  A ball python skeleton (D:4)
  10 bats
  8 frilled lizards
  A giant cockroach zombie (D:5)
  A quokka skeleton (D:6)
  14 rats
221 creatures vanquished.

Notes
Turn   | Place    | Note
-------+----------+-------------------------------------------
     0 | D:1      | ANON1729 the Tengu Fire Elementalist began the quest for the Orb.
     0 | D:1      | Reached XP level 1. HP: 10/10 MP: 4/4
   154 | D:1      | Reached XP level 2. HP: 15/15 MP: 6/6
   171 | D:1      | Reached skill level 2 in Conjurations
   705 | D:1      | Reached XP level 3. HP: 18/19 MP: 7/7
  1289 | D:2      | Reached skill level 3 in Conjurations
  1295 | D:2      | Found a blossoming altar of Fedhas.
  1527 | D:2      | Reached XP level 4. HP: 24/24 MP: 6/9
  1652 | D:2      | Found a glowing golden altar of the Shining One.
  1917 | D:3      | Reached skill level 4 in Conjurations
  1996 | D:3      | Noticed SlightEye's ghost (amateur OpVM)
  2003 | D:3      | Learned a level 3 spell: Conjure Flame
  2254 | D:3      | Killed SlightEye's ghost
  2254 | D:3      | Gained mutation: You can fly. [Tengu growth]
  2254 | D:3      | Reached XP level 5. HP: 21/28 MP: 3/11
  2621 | D:3      | Reached XP level 6. HP: 30/32 MP: 6/12
  2872 | D:4      | Reached skill level 5 in Conjurations
  2900 | D:4      | Found a basalt altar of Yredelemnul.
  2903 | D:4      | Noticed a phantom
  2916 | D:4      | Killed a phantom
  2959 | D:4      | Reached skill level 5 in Fire Magic
  3108 | D:4      | You fall through a shaft for 3 floors!
  3130 | D:7      | Learned a level 4 spell: Sticky Flame
  3367 | D:7      | Noticed a hungry ghost
  3368 | D:7      | Noticed a hungry ghost
  3409 | D:7      | Killed a hungry ghost
  3409 | D:7      | Reached skill level 6 in Conjurations
  3409 | D:7      | Reached XP level 7. HP: 16/36 MP: 0/14
  3450 | D:7      | Killed a hungry ghost
  3577 | D:7      | Found a flagged portal.
  3713 | Bailey   | Entered a bailey
  3724 | Bailey   | Learned a level 5 spell: Fireball
  4118 | Bailey   | Noticed an orc knight
  4138 | Bailey   | Reached XP level 8. HP: 27/41 MP: 2/16
  4254 | Bailey   | Reached skill level 5 in Spellcasting
  4254 | Bailey   | Reached skill level 7 in Conjurations
  4622 | Bailey   | Killed an orc knight
  4622 | Bailey   | Reached skill level 8 in Conjurations
  5060 | D:7      | Reached XP level 9. HP: 45/45 MP: 12/19
  5378 | D:6      | Noticed Grinder
  5414 | D:6      | Reached skill level 9 in Conjurations
  5416 | D:5      | Entered Level 5 of the Dungeon
  5445 | D:5      | Noticed Ijyb
  5449 | D:5      | Killed Ijyb
  6336 | D:5      | Found a runed door.
  6340 | D:5      | Noticed Crazy Yiuf
  6349 | D:5      | Killed Crazy Yiuf
  6567 | D:6      | Noticed Sigmund
  6763 | D:6      | Killed Sigmund
  6965 | D:6      | Reached skill level 10 in Conjurations
  6988 | D:6      | Identified Vuisoch's Handbook of the Ashen Volcanoes
  7113 | D:6      | Killed Grinder
  7286 | D:6      | Reached XP level 10. HP: 32/50 MP: 2/22
  7421 | D:6      | Found an opulent altar of Gozag.
  7453 | D:6      | Noticed Eustachio
  7460 | D:6      | Killed Eustachio
  7460 | D:6      | Reached skill level 1 in Shields
  7943 | D:6      | Found a staircase to the Ecumenical Temple.
  7968 | Temple   | Entered the Ecumenical Temple
  8172 | Temple   | Became a worshipper of Vehumet
  8788 | D:8      | Noticed a two-headed ogre
  8793 | D:8      | Killed a two-headed ogre
  8793 | D:8      | Reached skill level 11 in Conjurations
  9087 | D:8      | Found a sparkling altar of Nemelex Xobeh.
  9114 | D:8      | Reached skill level 10 in Fire Magic
  9117 | D:8      | Noticed Maurice
  9134 | D:8      | Paralysed by Maurice for 2 turns
  9363 | D:8      | Paralysed by Maurice for 4 turns
  9376 | D:8      | Paralysed by Maurice for 3 turns
  9381 | D:8      | Killed Maurice
  9857 | D:9      | Reached * piety under Vehumet
  9857 | D:9      | Offered knowledge of Freeze by Vehumet.
  9943 | D:9      | Found a shimmering altar of Xom.
 10167 | D:9      | Found an ancient bone altar of Kikubaaqudgha.
 10169 | D:9      | Found a snail-covered altar of Cheibriados.
 10171 | D:9      | Found a bloodstained altar of Trog.
 10540 | D:10     | Entered Level 10 of the Dungeon
 10548 | D:10     | Slain by an unseen horror

Skill      XL: |  1  2  3  4  5  6  7  8  9 10 |
---------------+-------------------------------+-----
Conjurations   | 2 3 4 6 8 10 11 | 11.6
Spellcasting   | 3 4 6 7 8 |  8.2
Fire Magic     | 4 5 6 7 9 10 | 10.2
Shields        | 3 |  3.7
Dodging        | |  2.1
Stealth        | |  2.0

Action                   |  1- 3 |  4- 6 |  7- 9 | 10-12 || total
-------------------------+-------+-------+-------+-------++-------
Melee: Unarmed           |    45 |    45 |       |       ||    90
       Kick              |    10 |    12 |    20 |    12 ||    54
       Peck              |     8 |     5 |    13 |     9 ||    35
       Short sword       |       |    16 |    25 |       ||    41
       Hand axe          |       |       |    19 |       ||    19
       Dagger            |       |       |    46 |    56 ||   102
Throw: Tomahawk          |       |       |     3 |       ||     3
 Cast: Flame Tongue      |    50 |    71 |    82 |    32 ||   235
       Conjure Flame     |       |     3 |     1 |       ||     4
       Sticky Flame      |       |     2 |     5 |    12 ||    19
       Fireball          |       |       |    22 |    27 ||    49
 Abil: Fly               |       |     1 |     6 |       ||     7
  Use: Potion            |       |     4 |     1 |     1 ||     6
       Scroll            |       |       |     1 |       ||     1
 Stab: Sleeping          |       |     3 |     3 |       ||     6
  Eat: Chunk             |     2 |     6 |    10 |     8 ||    26
       Bread ration      |       |     2 |     3 |       ||     5
       Meat ration       |       |       |     1 |     1 ||     2
       Fruit             |       |       |     3 |     4 ||     7
       Royal jelly       |       |       |     2 |       ||     2
Armor: Robe              |    22 |    28 |    34 |    16 ||   100
Dodge: Dodged            |    56 |    59 |   112 |    43 ||   270
Block: Buckler           |       |       |     1 |    22 ||    23
